 Dungeon Crawl Stone Soup version 0.16.1-16-gc44b35d (console) character file.

912 TheBruce the Chopper (level 7, 0/54 HPs)
             Began as a Vampire Fighter on Apr 17, 2015.
             Was an Initiate of Okawaru.
             Slain by a troll (3 damage)
             ... on level 6 of the Dungeon.
             The game lasted 00:25:02 (4993 turns).

TheBruce the Chopper (Vampire Fighter)              Turns: 4993, Time: 00:25:03

Health: 0/54       AC: 10    Str: 16    XL:     7   Next: 82%
Magic:  7/7        EV:  7    Int: 10    God:    Okawaru [......]
Gold:   232        SH:  9    Dex: 14    Spells: 0 memorised, 6 levels left

rFire  . . .     SeeInvis +     C - +8 rapier of Midwinter {flame, rElec}
rCold  . . .     Clarity  .     b - +0 scale mail
rNeg   . . .     SustAb   .     c - +0 shield
rPois  .         Gourm    .     (no helmet)
rElec  +         Spirit   .     e - +0 cloak
rCorr  .         Warding  .     l - +1 pair of gloves
rMut   .         Stasis   .     (no boots)
MR     .....                    (no amulet)
Stlth  ..........               (no ring)
                                (no ring)

@: lethally poisoned (0 -> -5), very slightly contaminated, regenerating
quickly, hasted, invisible, very quick, not resistant to hostile enchantments,
extremely unstealthy
A: bottle blood, fangs 3, see invisible, unbreathing
a: Renounce Religion


You were on level 6 of the Dungeon.
You worshipped Okawaru.
Okawaru was noncommittal.
You were full.

You visited 2 branches of the dungeon, and saw 7 of its levels.

You collected 232 gold pieces.

Inventory:

Hand weapons
 a - a +0 war axe
 q - a +2 dagger of electrocution
 w - a +0 blowgun
 C - the +8 rapier of Midwinter (weapon) {flame, rElec}
   (You found it on level 6 of the Dungeon)

   It has been specially enchanted to burn those struck by it, causing extra
   injury to most foes and up to half again as much damage against particularly
   susceptible opponents.
   It insulates you from electricity.
Missiles
 i - 41 stones (quivered)
 m - 41 bolts
 s - 27 arrows
 v - 19 poisoned needles
Armour
 b - a +0 scale mail (worn)
 c - a +0 shield (worn)
 e - a +0 cloak (worn)
 l - a +1 pair of gloves (worn)
Magical staves
 z - an uncursed staff of cold
Jewellery
 k - an uncursed ring of see invisible
Scrolls
 d - 2 scrolls of random uselessness {unknown}
 f - 9 scrolls of remove curse
 g - 2 scrolls of identify
 j - a scroll of immolation {unknown}
 r - a scroll of magic mapping {unknown}
 t - a scroll of enchant weapon {unknown}
 x - 2 scrolls of recharging {unknown}
Potions
 h - a potion of haste
 n - a potion of curing
 o - a potion of invisibility
 A - a potion of magic
 B - a potion of heal wounds {unknown}
Books
 p - a book of Changes

   Spells                             Type                      Level
   a - Beastly Appendage              Transmutation                1
   b - Sticks to Snakes               Transmutation                2
   c - Spider Form                    Transmutation/Poison         3
   d - Ice Form                       Ice/Transmutation            4
   e - Blade Hands                    Transmutation                5
Miscellaneous
 y - a box of beasts


   Skills:
 + Level 4.3 Fighting
 + Level 3.1 Short Blades
 * Level 5.0 Axes
 + Level 4.1 Armour
 + Level 4.2 Shields


You had 6 spell levels left.
You didn't know any spells.

Dungeon Overview and Level Annotations

Branches:
Dungeon (6/15)             Temple (1/1) D:5

Altars:
Ashenzari
Cheibriados
Dithmenos
Elyvilon
Fedhas
Gozag
Kikubaaqudgha
Makhleb
Nemelex Xobeh
Okawaru
Ru
Sif Muna
Trog
Vehumet
Xom
Yredelemnul
Zin
The Shining One


Innate Abilities, Weirdness & Mutations

Your natural rate of healing is unusually fast.
You can bottle blood from corpses.
You have razor-sharp teeth.
You have supernaturally acute eyesight.
You can survive without breathing.


Message History

Drink which item? (? for menu, Esc to quit)
It was a potion of invisibility.
You fade into invisibility!
The giant frog barely misses you.
The orc priest hits you but does no damage.
Drink which item? (? for menu, Esc to quit)
It was a potion of magic.
Magic courses through your body. The giant frog hits you.
* * * LOW HITPOINT WARNING * * *
You block the troll's attack. The troll closely misses you.
The troll closely misses you.
Drink which item? (? for menu, Esc to quit)
It was a potion of poison.
That liquid tasted very nasty...
You are lethally poisoned!
* * * LOW HITPOINT WARNING * * *
You feel sick. You block the giant frog's attack. The orc priest hits you.
* * * LOW HITPOINT WARNING * * *
The troll bites you.
You die...

### #.#.# ..## ##.#.#
#..## ##..#.# .
##..####..##.# .
###......###.# .#
#####...##.###.#
#.#..#.#...
#######.##.#.#.##########
...)..))..%...oo@T.......
######.)####.#.##F......#
# #.## #.#.# ....... #.#
#.#.# ....... #.# #.#.#
....... #<# #.#o# ...[..
#.# ..... ..... ..# ..#.#
...? .### #o#.# >


You could see a troll, a giant frog, an orc priest and an orc.

Vanquished Creatures
  An ogre (D:4)
  A phantom (D:3)
  Sigmund (D:3)
  3 scorpions
  A goliath beetle (D:6)
  A crimson imp (D:6)
  2 hounds (D:4)
  2 orc wizards (D:6)
  2 worker ants
  12 adders
  3 gnolls (D:5)
  A shadow imp (D:5)
  A giant mite (D:4)
  5 worms (D:2)
  6 giant geckos
  An ooze (D:2)
  6 orcs
  13 bats
  A bat skeleton (D:5)
  A bat zombie (D:5)
  7 giant cockroaches
  4 goblins
  10 hobgoblins
  10 jackals
  2 quokkas
  3 ball pythons
  7 giant newts
  A jackal skeleton (D:5)
  12 kobolds
  8 rats
128 creatures vanquished.

Notes
Turn   | Place    | Note
--------------------------------------------------------------
     0 | D:1      | TheBruce, the Vampire Fighter, began the quest for the Orb.
     0 | D:1      | Reached XP level 1. HP: 17/17 MP: 1/1
   297 | D:1      | Reached XP level 2. HP: 23/23 MP: 2/2
   905 | D:2      | Reached XP level 3. HP: 21/28 MP: 3/3
  1069 | D:2      | Reached skill level 3 in Shields
  1216 | D:2      | Reached XP level 4. HP: 35/35 MP: 4/4
  2043 | D:3      | Reached XP level 5. HP: 41/41 MP: 5/5
  2680 | D:3      | Noticed Sigmund
  2694 | D:3      | Killed Sigmund
  2694 | D:3      | Reached skill level 1 in Short Blades
  3001 | D:3      | Reached XP level 6. HP: 42/47 MP: 6/6
  3122 | D:4      | Reached skill level 4 in Axes
  3135 | D:4      | Reached XP level 7. HP: 53/53 MP: 7/7
  3341 | D:4      | Found a deep blue altar of Sif Muna.
  3690 | D:5      | Entered Level 5 of the Dungeon
  4194 | D:5      | Found a staircase to the Ecumenical Temple.
  4208 | Temple   | Entered the Ecumenical Temple
  4342 | Temple   | Became a worshipper of Warmaster Okawaru
  4817 | D:6      | Got a dazzling rapier
  4832 | D:6      | Identified the +8 rapier of Midwinter {flame, rElec} (You found it on level 6 of the Dungeon)
  4964 | D:6      | Reached skill level 5 in Axes
  4980 | D:6      | Noticed a troll
  4993 | D:6      | Slain by a troll

Action                   |  1- 3 |  4- 6 |  7- 9 || total
-------------------------+-------+-------+-------++-------
Melee: War axe           |   113 |   106 |       ||   219
       Dagger            |       |    84 |   137 ||   221
       Rapier            |       |       |    19 ||    19
 Fire: Blowgun           |       |     3 |       ||     3
Throw: Stone             |     1 |       |       ||     1
  Use: Potion            |       |     1 |     6 ||     7
       Scroll            |       |       |     1 ||     1
  Eat: Corpse            |     1 |    12 |     8 ||    21
